TOP OF THE 1ST |
Royse City Targaryens batting - Pitching for Florida Men : RHP Jim Unknown
|
Pitching: RHP Jim Unknown
|
|
Batting: RHB Sancho Balderas
|
0-0: Called Strike 0-1: Ball 1-1: SINGLE (Line Drive, 9S)
|
Batting: LHB Fernando Ramírez
|
0-0: Ball Sancho Balderas is caught stealing 2nd base 1-0: Ball 2-0: Ground out 3-1 (Groundball, 3L)
|
Batting: RHB Tristan Kuhn
|
0-0: Ball 1-0: Ball 2-0: Ball 3-0: Base on Balls
|
Batting: LHB Carlos Álvarez
|
0-0: Called Strike 0-1: Ball 1-1: Ball 2-1: Foul Ball, location: 2F 2-2: Ground out 3-1 (Groundball, 34)
|
Top of the 1st over - 0 run(s), 1 hit(s), 0 error(s), 1 left on base; Royse City 0 - Florida 0 |
BOTTOM OF THE 1ST |
Florida Men batting - Pitching for Royse City Targaryens : RHP Rodger de Meza
|
Pitching: RHP Rodger de Meza
|
|
Batting: RHB Albert Morales
|
0-0: Called Strike 0-1: Ball 1-1: Hit by Pitch
|
Batting: RHB Won-min Yi
|
0-0: Swinging Strike 0-1: Ball 1-1: Grounds into double play, 6-4-3 (Groundball, 6M)
|
Batting: RHB Carlos Rodríguez
|
0-0: Ground out 6-3 (Groundball, 6)
|
Bottom of the 1st over - 0 run(s), 0 hit(s), 0 error(s), 0 left on base; Royse City 0 - Florida 0 |
TOP OF THE 2ND |
Royse City Targaryens batting - Pitching for Florida Men : RHP Jim Unknown
|
Batting: RHB Ray Porch
|
0-0: Foul Ball, location: 2F 0-1: Foul Ball, location: 2F 0-2: Ground out 2-3 (Groundball, 2R)
|
Batting: LHB Miguel Juárez
|
0-0: Ball 1-0: Swinging Strike 1-1: Ground out 4-3 (Groundball, 4)
|
Batting: RHB Dave Thompson
|
0-0: Ball 1-0: Ball 2-0: Called Strike 2-1: Ball 3-1: Base on Balls
|
Batting: LHB Eduardo Álvarez
|
0-0: Foul Ball, location: 2F 0-1: Ball 1-1: Ground out 4-3 (Groundball, 4)
|
Top of the 2nd over - 0 run(s), 0 hit(s), 0 error(s), 1 left on base; Royse City 0 - Florida 0 |
BOTTOM OF THE 2ND |
Florida Men batting - Pitching for Royse City Targaryens : RHP Rodger de Meza
|
Batting: RHB Jim Unknown
|
0-0: Ball 1-0: SINGLE (Groundball, 56D)
|
Batting: RHB Frank Collins
|
0-0: Fly out, F3 (Line Drive, 34)
|
Batting: LHB Jim Unknown
|
0-0: Ball Wild Pitch! Jim Unknown to second 1-0: Ball 2-0: Ball 3-0: Called Strike 3-1: DOUBLE (Line Drive, 89XD) Jim Unknown scores
|
Batting: LHB Mito Rin
|
0-0: Ball 1-0: Ground out 4-3 (Groundball, 4M) Jim Unknown to third
|
Batting: RHB Dave Knight
|
0-0: Ball 1-0: Ground out 6-3 (Groundball, 6M)
|
Bottom of the 2nd over - 1 run(s), 2 hit(s), 0 error(s), 1 left on base; Royse City 0 - Florida 1 |
TOP OF THE 3RD |
Royse City Targaryens batting - Pitching for Florida Men : RHP Jim Unknown
|
Batting: RHB Héctor Ruíz
|
0-0: Ball 1-0: Foul Ball, location: 2F 1-1: Ground out 1-3 (Groundball, 15)
|
Batting: RHB Sancho Balderas
|
0-0: Swinging Strike 0-1: Ball 1-1: SINGLE (Groundball, 56D)
|
Batting: LHB Fernando Ramírez
|
0-0: Called Strike 0-1: Ball 1-1: Ball Sancho Balderas steals 2nd base 2-1: Called Strike 2-2: Foul Ball, location: 2F 2-2: Strikes out swinging
|
Batting: RHB Tristan Kuhn
|
0-0: Ball 1-0: Called Strike 1-1: Foul Ball, location: 2F 1-2: Ball 2-2: Strikes out swinging
|
Top of the 3rd over - 0 run(s), 1 hit(s), 0 error(s), 1 left on base; Royse City 0 - Florida 1 |
BOTTOM OF THE 3RD |
Florida Men batting - Pitching for Royse City Targaryens : RHP Rodger de Meza
|
Batting: RHB Seon-keun Kim
|
0-0: Foul Ball, location: 2F 0-1: Ball 1-1: Fly out, F7 (Flyball, 78D)
|
Batting: RHB Albert Morales
|
0-0: Ball 1-0: Called Strike 1-1: Swinging Strike 1-2: Ground out 6-3 (Groundball, 6M)
|
Batting: RHB Won-min Yi
|
0-0: Ball 1-0: Called Strike 1-1: Ball 2-1: Ball 3-1: Base on Balls
|
Batting: RHB Carlos Rodríguez
|
0-0: Ball 1-0: Ball Won-min Yi steals 2nd base 2-0: Fly out, F8 (Flyball, 8RM)
|
Bottom of the 3rd over - 0 run(s), 0 hit(s), 0 error(s), 1 left on base; Royse City 0 - Florida 1 |
TOP OF THE 4TH |
Royse City Targaryens batting - Pitching for Florida Men : RHP Jim Unknown
|
Batting: LHB Carlos Álvarez
|
0-0: Ball 1-0: Foul Ball, location: 2F 1-1: Ball 2-1: Called Strike 2-2: Ball 3-2: Foul Ball, location: 2F 3-2: Ground out 6-3 (Groundball, 6)
|
Batting: RHB Ray Porch
|
0-0: Ball 1-0: Ball 2-0: Called Strike 2-1: Swinging Strike 2-2: Ball 3-2: Foul Ball, location: 2F 3-2: SINGLE (Flyball, 8LS)
|
Batting: LHB Miguel Juárez
|
0-0: Ground out 4-3 (Groundball, 4M) Ray Porch to second
|
Batting: RHB Dave Thompson
|
0-0: Swinging Strike 0-1: Ball 1-1: DOUBLE (Flyball, 78XD) Ray Porch scores
|
Batting: LHB Eduardo Álvarez
|
0-0: Swinging Strike 0-1: Ball 1-1: Ball 2-1: TRIPLE (Line Drive, 3D) Dave Thompson scores
|
Batting: RHB Héctor Ruíz
|
0-0: SINGLE (Groundball, 4M) Eduardo Álvarez scores
|
Batting: RHB Sancho Balderas
|
0-0: Ball 1-0: Fly out, F4 (Popup, 3DF)
|
Top of the 4th over - 3 run(s), 4 hit(s), 0 error(s), 1 left on base; Royse City 3 - Florida 1 |
BOTTOM OF THE 4TH |
Florida Men batting - Pitching for Royse City Targaryens : RHP Rodger de Meza
|
Batting: RHB Jim Unknown
|
0-0: Called Strike 0-1: Foul Ball, location: 2F 0-2: Strikes out looking
|
Batting: RHB Frank Collins
|
0-0: Foul Ball, location: 2F 0-1: Ball 1-1: Called Strike 1-2: Fly out, F8 (Flyball, 8RS)
|
Batting: LHB Jim Unknown
|
0-0: Called Strike 0-1: Called Strike 0-2: Ball 1-2: Ground out 5-3 (Groundball, 15S)
|
Bottom of the 4th over - 0 run(s), 0 hit(s), 0 error(s), 0 left on base; Royse City 3 - Florida 1 |
TOP OF THE 5TH |
Royse City Targaryens batting - Pitching for Florida Men : RHP Jim Unknown
|
Batting: LHB Fernando Ramírez
|
0-0: Called Strike 0-1: Foul Ball, location: 2F 0-2: SINGLE (Line Drive, 56D)
|
Batting: RHB Tristan Kuhn
|
0-0: Foul Ball, location: 2F 0-1: Ball 1-1: Called Strike 1-2: Ball Single, Error in OF, E7, batter to second base Fernando Ramírez to third
|
Batting: LHB Carlos Álvarez
|
0-0: Ball 1-0: Ball 2-0: Foul Ball, location: 2F 2-1: Foul Ball, location: 2F 2-2: Fly out, F6 (Popup, 56D)
|
Batting: RHB Ray Porch
|
0-0: Ball 1-0: Fly out, F8 (Flyball, 8RXD) Runner from 3rd tags up, SCORES, no throw Tristan Kuhn to third
|
Batting: LHB Miguel Juárez
|
0-0: Ground out 1-3 (Groundball, 13)
|
Top of the 5th over - 1 run(s), 2 hit(s), 1 error(s), 1 left on base; Royse City 4 - Florida 1 |
BOTTOM OF THE 5TH |
Florida Men batting - Pitching for Royse City Targaryens : RHP Rodger de Meza
|
Batting: LHB Mito Rin
|
0-0: Fly out, F6 (Popup, 56D)
|
Batting: RHB Dave Knight
|
0-0: Foul Ball, location: 2F 0-1: Ball 1-1: Ball 2-1: Ball 3-1: Foul Ball, location: 2F 3-2: SINGLE (Flyball, 78S)
|
Batting: RHB Seon-keun Kim
|
0-0: Called Strike Dave Knight is caught stealing 2nd base 0-1: Ball 1-1: Ball 2-1: SINGLE (Groundball, 4MD)
|
Batting: RHB Albert Morales
|
0-0: Ground out 1-3 (Groundball, 13S)
|
Bottom of the 5th over - 0 run(s), 2 hit(s), 0 error(s), 1 left on base; Royse City 4 - Florida 1 |
TOP OF THE 6TH |
Royse City Targaryens batting - Pitching for Florida Men : RHP Jim Unknown
|
Batting: RHB Dave Thompson
|
0-0: Called Strike 0-1: Ball 1-1: Called Strike 1-2: Foul Ball, location: 2F 1-2: Strikes out swinging
|
Batting: LHB Eduardo Álvarez
|
0-0: Swinging Strike 0-1: Fly out, F5 (Popup, 5SF)
|
Batting: RHB Héctor Ruíz
|
0-0: Ball 1-0: Swinging Strike 1-1: Hit by Pitch
|
Batting: RHB Sancho Balderas
|
0-0: Called Strike 0-1: Ball 1-1: Ball 2-1: Ball 3-1: DOUBLE (Line Drive, 7LS) Héctor Ruíz to third Runner from 3rd tries for Home, SAFE, no throw or cutoff
|
Batting: LHB Fernando Ramírez
|
Pickoff Throw to Second - Out!
|
Top of the 6th over - 1 run(s), 1 hit(s), 0 error(s), 0 left on base; Royse City 5 - Florida 1 |
BOTTOM OF THE 6TH |
Florida Men batting - Pitching for Royse City Targaryens : RHP Rodger de Meza
|
Batting: RHB Won-min Yi
|
0-0: Ball 1-0: Ball 2-0: Ball 3-0: Foul Ball, location: 2F 3-1: Foul Ball, location: 2F 3-2: Strikes out swinging
|
Batting: RHB Carlos Rodríguez
|
0-0: Ball 1-0: Called Strike 1-1: Ball 2-1: Swinging Strike 2-2: Foul Ball, location: 2F 2-2: Foul Ball, location: 2F 2-2: Foul Ball, location: 2F 2-2: Ball 3-2: Strikes out looking
|
Batting: RHB Jim Unknown
|
0-0: Ball 1-0: Called Strike 1-1: SINGLE (Line Drive, 56D)
|
Batting: RHB Frank Collins
|
0-0: Ball 1-0: Foul Ball, location: 2F 1-1: Foul Ball, location: 2F 1-2: Ball 2-2: Foul Ball, location: 2F 2-2: Strikes out swinging
|
Bottom of the 6th over - 0 run(s), 1 hit(s), 0 error(s), 1 left on base; Royse City 5 - Florida 1 |
TOP OF THE 7TH |
Royse City Targaryens batting - Pitching for Florida Men : RHP Jim Unknown
|
Batting: LHB Fernando Ramírez
|
0-0: Called Strike 0-1: Ground out 4-3 (Groundball, 4)
|
Batting: RHB Tristan Kuhn
|
0-0: Fly out, F8 (Flyball, 8RM)
|
Batting: LHB Carlos Álvarez
|
0-0: Ball 1-0: Ball 2-0: Foul Ball, location: 2F 2-1: Called Strike 2-2: Ground out 3-1 (Groundball, 34S)
|
Top of the 7th over - 0 run(s), 0 hit(s), 0 error(s), 0 left on base; Royse City 5 - Florida 1 |
BOTTOM OF THE 7TH |
Florida Men batting - Pitching for Royse City Targaryens : RHP Rodger de Meza
|
Batting: LHB Jim Unknown
|
0-0: Called Strike 0-1: Foul Ball, location: 2F 0-2: Ball 1-2: Ball 2-2: Ball 3-2: Base on Balls
|
Batting: LHB Mito Rin
|
0-0: Called Strike 0-1: Ball 1-1: Foul Ball, location: 2F 1-2: Strikes out swinging
|
Batting: RHB Dave Knight
|
0-0: Called Strike 0-1: Grounds into double play, 6-4-3 (Groundball, 6)
|
Bottom of the 7th over - 0 run(s), 0 hit(s), 0 error(s), 0 left on base; Royse City 5 - Florida 1 |
TOP OF THE 8TH |
Royse City Targaryens batting - Pitching for Florida Men : RHP Jim Unknown
|
Pitching: LHP José Ybarra
|
|
Batting: RHB Ray Porch
|
0-0: Ground out 6-3 (Groundball, 6M)
|
Batting: LHB Miguel Juárez
|
0-0: SOLO HOME RUN (Flyball, 89XD), Distance : 427 ft
|
Batting: RHB Dave Thompson
|
0-0: Called Strike 0-1: SINGLE (Line Drive, 89S)
|
Batting: LHB Eduardo Álvarez
|
0-0: Grounds into double play, 4-6-3 (Groundball, 4)
|
Top of the 8th over - 1 run(s), 2 hit(s), 0 error(s), 0 left on base; Royse City 6 - Florida 1 |
BOTTOM OF THE 8TH |
Florida Men batting - Pitching for Royse City Targaryens : RHP Rodger de Meza
|
Batting: RHB Seon-keun Kim
|
0-0: Ball 1-0: Called Strike 1-1: Ball 2-1: Ball 3-1: SINGLE (Groundball, 56D)
|
Batting: RHB Albert Morales
|
0-0: Ball 1-0: Called Strike 1-1: Ball 2-1: Ground out 4-3 (Groundball, 4M) Seon-keun Kim to second
|
Pitching: RHP Tom Rosas
|
|
Batting: RHB Won-min Yi
|
0-0: Swinging Strike 0-1: TRIPLE (Groundball, 3L) Seon-keun Kim scores
|
Batting: RHB Carlos Rodríguez
|
0-0: SINGLE (Groundball, 5L) Won-min Yi scores
|
Pitching: RHP John Watson
|
|
Batting: RHB Jim Unknown
|
0-0: Foul Ball, location: 2F 0-1: Called Strike 0-2: Ball 1-2: Ball 2-2: Fly out, F4 (Popup, 4D)
|
Batting: RHB Frank Collins
|
0-0: Fly out, F3 (Popup, 3S)
|
Bottom of the 8th over - 2 run(s), 3 hit(s), 0 error(s), 1 left on base; Royse City 6 - Florida 3 |
TOP OF THE 9TH |
Royse City Targaryens batting - Pitching for Florida Men : LHP José Ybarra
|
Pitching: RHP Jim Unknown
|
|
Batting: RHB Héctor Ruíz
|
0-0: Ground out 5-3 (Groundball, 56S)
|
Batting: RHB Sancho Balderas
|
0-0: Ground out 4-3 (Groundball, 4)
|
Batting: LHB Fernando Ramírez
|
0-0: Ball 1-0: Ball 2-0: Ground out 4-3 (Groundball, 4)
|
Top of the 9th over - 0 run(s), 0 hit(s), 0 error(s), 0 left on base; Royse City 6 - Florida 3 |
BOTTOM OF THE 9TH |
Florida Men batting - Pitching for Royse City Targaryens : RHP John Watson
|
Pitching: RHP Stanley Neal
|
|
Batting: LHB Jim Unknown
|
0-0: Foul Ball, location: 2F 0-1: Ground out 6-3 (Groundball, 6M)
|
Batting: LHB Mito Rin
|
0-0: Ball 1-0: Called Strike 1-1: Called Strike 1-2: Ball 2-2: Foul Ball, location: 2F 2-2: Ball 3-2: Strikes out swinging
|
Batting: RHB Dave Knight
|
0-0: Called Strike 0-1: Called Strike 0-2: Strikes out swinging
|
Bottom of the 9th over - 0 run(s), 0 hit(s), 0 error(s), 0 left on base; Royse City 6 - Florida 3 |
|